 Dungeon Sprint DCSS version 0.28.0-43-g3370ac3207 (webtiles) character file.

Game seed: 13760485508436582844

2561 boopmooplesden the Severer (level 9, -2/100 HPs)
             Began as a Minotaur Berserker on Mar 11, 2022.
             Was a High Priest of Trog.
             Succumbed to a water moccasin's poison
             ... in the Dungeon (Sprint II: "The Violet Keep of Menkaure").
             The game lasted 00:02:17 (538 turns).

boopmooplesden the Severer (Minotaur Berserker)      Turns: 538, Time: 00:02:17

Health: -2/100     AC: 12    Str: 23    XL:     9   Next: 31%
Magic:  8/8        EV: 11    Int:  4    God:    Trog [*****.]
Gold:   384        SH:  0    Dex: 13    Spells: 8/8 levels left

rFire   x . .      SeeInvis .   j - +4 glaive of Plunder {freeze, rElec rF- rN+ rCorr}
rCold   . . .      Faith    .   (shield currently unavailable)
rNeg    + . .      Spirit   .   i - +1 chain mail {Will+}
rPois   .          Reflect  .   (helmet restricted)
rElec   +          Harm     .   (no cloak)
rCorr   +          Rampage  .   k - +1 pair of gloves
Will    +....      NoTele   +   (no boots)
Stlth   ..........              (no amulet)
HPRegen 0.26/turn               (no ring)
MPRegen 0.11/turn               (no ring)

@: lethally poisoned (-2 -> -30), very slow
A: horns 2, retaliatory headbutt, iridescent scales 1, deformed body
a: Renounce Religion, Berserk, Trog's Hand, Brothers in Arms


You were in the Dungeon.
You worshipped Trog.
Trog was extremely pleased with you.
You visited 1 branch You collected 1073 gold pieces.
You spent 689 gold pieces at shops.

Inventory:

Hand Weapons
 a - a +0 hand axe
 j - the +4 glaive of Plunder (weapon) {freeze, rElec rF- rN+ rCorr}
   (You bought it in a shop in the Dungeon)

   It freezes those it strikes, dealing additional cold damage.
   It can also slow down cold-blooded creatures.
   rF:        It makes you vulnerable to fire.
   rElec:     It insulates you from electricity.
   rN:        It protects you from negative energy.
   rCorr:     It protects you from acid and corrosion.
Armour
 b - a +0 animal skin
 i - a +1 chain mail of willpower (worn)
 k - a +1 pair of gloves (worn)
Scrolls
 h - a scroll of blinking
Potions
 e - a potion of haste
 f - 2 potions of magic
 g - a potion of berserk rage


   Skills:
 + Level 15.9 Fighting
 + Level 15.9(16.1) Axes
 + Level 4.1(11.1) Polearms
 + Level 8.9 Armour
 + Level 8.2 Dodging
 + Level 0.8 Stealth


You had 8 spell levels left.
You didn't know any spells.
Your spell library was empty.

Dungeon Overview and Level Annotations

Branches:
Dungeon (1/1)

Altars:
Dithmenos
Elyvilon
Fedhas
Gozag
Kikubaaqudgha
Makhleb
Nemelex Xobeh
Okawaru
Qazlal
Ru
Sif Muna
Trog
Uskayaw
Vehumet
Wu Jian
Xom
Yredelemnul
Zin
The Shining One
Jiyva
Lugonu

Shops:
D [:=:(([[!??(=[!

Annotations:
D exclusion: oklob plant


Innate Abilities, Weirdness & Mutations

You have a pair of horns on your head.
You reflexively headbutt those who attack you in melee.
You are partially covered in iridescent scales. (AC +2)
Armour fits poorly on your strangely shaped body.


Message History

You feel very sick. The water moccasin barely misses you.
You furiously retaliate!
You headbutt the water moccasin! You closely miss the water moccasin.
You headbutt the water moccasin!
You kill the water moccasin!
Trog accepts your kill.
You feel very sick.
The water moccasin bites you but does no damage.
Your base Polearms skill increases to level 4!
Your unstable footing causes you to fumble your attack.
You feel very sick.
The water moccasin bites you but does no damage.
The water moccasin bites you.
* * * LOW HITPOINT WARNING * * *
You slash the water moccasin! You freeze the water moccasin.
The water moccasin is heavily wounded.
You feel sick.
The water moccasin bites you but does no damage.
You feel better. The water moccasin bites you.
* * * LOW HITPOINT WARNING * * *
You are poisoned.
The water moccasin poisons you!
You barely miss the water moccasin.
The water moccasin is heavily wounded.
You feel very sick.
The water moccasin bites you but does no damage.
The water moccasin bites you.
* * * LOW HITPOINT WARNING * * *
You are lethally poisoned!
The water moccasin poisons you!
* * * LOW HITPOINT WARNING * * *
You feel extremely sick.
The water moccasin bites you but does no damage.
The water moccasin bites you!
* * * LOW HITPOINT WARNING * * *
You are more poisoned.
The water moccasin poisons you!
You miss the water moccasin.
The water moccasin is heavily wounded.
You die...

.. #. ##.#### +.###
[▓((()(("$▓▓ .# ...#
...####▓$[(($$)=▓▓ ####..##
#..##.#▓??)$!($:▓▓ ##.##..#
+..#..#▓[$$[(?[|▓▓ #...#..#
#..#.)#▓?$$!!)((▓▓
'##.'..####..##†#▓$[:?![(?▓▓
#.###§§..###...##▓▓▓▓▓▓▓+▓▓▓▓
##.##..§...≈≈≈≈≈@SS≈≈≈≈≈...X≈
####§≈.....≈#+########§###.≈≈
.#≈§≈≈≈§≈..≈#_._._...#§≈§#
##≈≈§§≈≈§≈.≈#._._._._#≈≈§≈#
#≈≈≈≈≈≈§≈≈≈≈#_._._._.#≈≈§§≈#
≈≈≈≈≈≈≈§§≈§≈#._._._._#≈≈§§§≈#
++#≈§≈≈≈≈≈§≈#.._._._.#§≈≈≈§§+
##≈≈§###≈≈#..._._._#§≈≈≈≈≈


You could see 2 water moccasins.

Vanquished Creatures
  A merfolk siren (D)
  A yaktaur (D)
  A hornet (D)
  3 polar bears (D)
  2 wyverns (D)
  A vampire mosquito (D)
  4 neqoxecs (D)
  2 water moccasins (D)
  3 worms (D)
18 creatures vanquished.

Vanquished Creatures (others)
  Menkaure (D)
  A water moccasin (D)
  4 tentacles (D)
6 creatures vanquished.

Grand Total: 24 creatures vanquished

Notes
Turn   | Place    | Note
-------+----------+-------------------------------------------
     0 | D        | boopmooplesden the Minotaur Berserker began the quest for
                  | the Orb.
     0 | D        | Reached XP level 1. HP: 19/19 MP: 0/0
     1 | D        | Noticed a wyvern
     1 | D        | Noticed a wyvern
     5 | D        | Killed a wyvern
     6 | D        | Reached XP level 2. HP: 36/36 MP: 1/1
     6 | D        | Reached XP level 3. HP: 41/41 MP: 2/2
     6 | D        | Reached XP level 4. HP: 49/49 MP: 3/3
     6 | D        | Reached XP level 5. HP: 56/56 MP: 4/4
    10 | D        | Killed a wyvern
    11 | D        | Reached skill level 10 in Fighting
    11 | D        | Reached skill level 10 in Axes
    11 | D        | Reached skill level 5 in Armour
    11 | D        | Reached skill level 5 in Dodging
    11 | D        | Reached XP level 6. HP: 67/67 MP: 5/5
    18 | D        | Killed Menkaure
    56 | D        | Reached ** piety under Trog
   111 | D        | Killed a water moccasin
   152 | D        | Noticed a merfolk siren
   163 | D        | Killed a merfolk siren
   163 | D        | Reached *** piety under Trog
   164 | D        | Reached XP level 7. HP: 76/78 MP: 6/6
   174 | D        | Noticed a neqoxec
   174 | D        | Noticed a neqoxec
   179 | D        | Killed a neqoxec
   184 | D        | Killed a neqoxec
   185 | D        | Found Yfreragh's Distillery.
   185 | D        | Noticed a neqoxec
   185 | D        | Noticed a neqoxec
   187 | D        | Gained mutation: You are partially covered in iridescent
                  | scales. (AC +2) [a neqoxec]
   189 | D        | Killed a neqoxec
   190 | D        | Reached XP level 8. HP: 86/86 MP: 7/7
   190 | D        | Found Nyraem's Jewellery Shoppe.
   190 | D        | Found Kefof's Antique Weapon Emporium.
   194 | D        | Gained mutation: Armour fits poorly on your strangely
                  | shaped body. [a neqoxec]
   196 | D        | Reached **** piety under Trog
   197 | D        | Found Pumaiss Yfas's Antique Armour Emporium.
   237 | D        | Found Noschoef's Magic Scroll Shoppe.
   237 | D        | Found Wemuelio's Distillery.
   237 | D        | Found Azey's Armour Shoppe.
   238 | D        | Found Xyxy's Antique Weapon Shoppe.
   238 | D        | Found Extoe's Magic Scroll Emporium.
   238 | D        | Found Kaloh's Antique Armour Emporium.
   238 | D        | Found Xolec's Antique Weapon Shoppe.
   276 | D        | Found Fyutown's Book Shoppe.
   276 | D        | Found Zooq's Jewellery Emporium.
   276 | D        | Noticed an oklob plant
   277 | D        | Found Boenoreo's Antique Armour Shoppe.
   277 | D        | Found Sigorhecwu's Book Shoppe.
   278 | D        | Noticed a great orb of eyes
   282 | D        | Bought a shiny chain mail for 187 gold pieces
   292 | D        | Noticed a cane toad
   293 | D        | Noticed a cane toad
   294 | D        | Bought a smoking glaive for 345 gold pieces
   294 | D        | Identified the +4 glaive of Plunder {freeze, rElec rF- rN+
                  | rCorr} (You bought it in a shop in the Dungeon)
   297 | D        | Bought a pair of glowing gloves for 157 gold pieces
   409 | D        | Found an iron altar of Okawaru.
   409 | D        | Found an opulent altar of Gozag.
   410 | D        | Found a sparkling altar of Nemelex Xobeh.
   410 | D        | Found a blossoming altar of Fedhas.
   411 | D        | Found a radiant altar of Vehumet.
   411 | D        | Found a burning altar of Makhleb.
   411 | D        | Found a white marble altar of Elyvilon.
   412 | D        | Found a hide-covered altar of Uskayaw.
   412 | D        | Found a corrupted altar of Lugonu.
   412 | D        | Found a shadowy altar of Dithmenos.
   413 | D        | Found a glowing silver altar of Zin.
   413 | D        | Found a bloodstained altar of Trog.
   413 | D        | Found an ancient bone altar of Kikubaaqudgha.
   414 | D        | Found a basalt altar of Yredelemnul.
   414 | D        | Found a shimmering blue altar of Sif Muna.
   414 | D        | Found a viscous altar of Jiyva.
   415 | D        | Found a shimmering altar of Xom.
   415 | D        | Found a sacrificial altar of Ru.
   416 | D        | Found a glowing golden altar of the Shining One.
   416 | D        | Found an ornate altar of the Wu Jian Council.
   417 | D        | Noticed a yaktaur
   417 | D        | Noticed a hornet
   417 | D        | Noticed a polar bear
   417 | D        | Noticed a polar bear
   421 | D        | Killed a polar bear
   422 | D        | Killed a polar bear
   423 | D        | Reached skill level 15 in Fighting
   423 | D        | Reached skill level 15 in Axes
   423 | D        | Reached skill level 1 in Polearms
   423 | D        | Noticed a polar bear
   425 | D        | Killed a yaktaur
   425 | D        | Reached ***** piety under Trog
   426 | D        | Reached XP level 9. HP: 97/97 MP: 8/8
   436 | D        | Killed a polar bear
   519 | D        | Found a stormy altar of Qazlal.
   525 | D        | Noticed a kraken
   537 | D        | HP: 5/100 [water moccasin (8)]
   538 | D        | Succumbed to a water moccasin's poison

Illustrated notes

Levels and vault maps discovered:
D:        the_violet_keep_of_menkaure [sprint2_stairs_cluster_1,
          sprint2_shoproom, sprint2_temple, sprint2_basic_supplies,
          sprint2_obstacle_6, sprint2_obstacle_1, sprint2_obstacle_5,
          sprint2_obstacle_4, sprint2_obstacle_3, sprint2_timed_cluster_1,
          sprint2_smallroom_cluster_1, sprint2_smallroom_final_cluster_1,
          sprint2_transparent_cluster_1, sprint2_second_timed_cluster_1,
          sprint2_sniper_area_1, sprint2_heavy_combat_area_1,
          sprint2_mutation_trap_area_1, sprint2_forest_area_1,
          sprint2_light_combat_area_1, sprint2_behind_water_1,
          sprint2_near_end_vault_1]

Skill      XL: |  1  2  3  4  5  6  7  8  9 |
---------------+----------------------------+-----
Fighting       | 8 10 12 13 15 | 15.9
Axes           | 8 10 12 13 15 | 15.9
Armour         | 4 5 6 7 8 |  8.9
Dodging        | 4 5 6 7 8 |  8.2
Polearms       | 2 4 |  4.1
Stealth        | |  0.8

Action                   |  1- 3 |  4- 6 |  7- 9 || total
-------------------------+-------+-------+-------++-------
Melee: Hand axe          |     3 |    26 |    35 ||    64
       Headbutt          |     2 |     5 |    13 ||    20
       Punch             |       |     1 |       ||     1
       Glaive            |       |       |    21 ||    21
Invok: Berserk           |     1 |       |     2 ||     3
  Use: Potion            |       |       |     2 ||     2
Armor: Animal skin       |     1 |       |     1 ||     2
       Chain mail        |       |       |    28 ||    28
Dodge: Dodged            |     2 |     4 |    38 ||    44
